 Dungeon Crawl Stone Soup version 0.22.1-1-ga44c0e56f4 (webtiles) character file.

101 Jynx the Changer (level 4, 0/28 HPs)
             Began as an Octopode Transmuter on Sept 19, 2018.
             Slain by a gnoll
             ... wielding a +0 spear
              (10 damage)
             ... on level 3 of the Dungeon.
             The game lasted 00:06:16 (1863 turns).

Jynx the Changer (Octopode Transmuter)              Turns: 1863, Time: 00:06:17

Health: 0/28       AC:  1    Str:  9    XL:     4   Next: 75%
Magic:  7/7        EV: 13    Int: 15    God:
Gold:   82         SH:  0    Dex: 13    Spells: 1/7 levels left

rFire    . . .     SeeInvis .     - Unarmed
rCold    . . .     Gourm    .   (no shield)
rNeg     . . .     Faith    .   (helmet restricted)
rPois    .         Spirit   .   (no amulet)
rElec    .         Reflect  .   (no ring)
rCorr    .         Harm     .   (no ring)
MR       .....                  (no ring)
Stlth    ++........             (no ring)
HPRegen  0.09/turn              (no ring)
MPRegen  0.10/turn              (no ring)
                                (no ring)
                                (no ring)

@: no status effects
A: almost no armour, stealthy swim, amphibious, 8 rings, constrict 8, camouflage
1, gelatinous body 1
a: no special abilities


You were on level 3 of the Dungeon.
You were not hungry.

You visited 1 branch of the dungeon, and saw 3 of its levels.

You collected 82 gold pieces.

Inventory:

Missiles
 a - 26 arrows
Wands
 f - a wand of paralysis (16)
Scrolls
 b - 2 scrolls of identify {unknown}
 d - a scroll of random uselessness {unknown}
 e - a scroll of fear {unknown}
Potions
 g - 4 potions of curing {unknown}
 h - a potion of heal wounds {unknown}
 j - a potion of degeneration {unknown}
 k - a potion of ambrosia {unknown}
Comestibles
 c - 10 rations
 i - 7 chunks of flesh


   Skills:
 - Level 1.0 Fighting
 - Level 2.0 Dodging
 * Level 3.5 Unarmed Combat
 - Level 2.0 Spellcasting
 + Level 4.4 Transmutations


You had one spell level left.
You knew the following spells:

 Your Spells              Type           Power        Failure   Level  Hunger
a - Beastly Appendage     Tmut           ##....       3%          1    #......
b - Sticks to Snakes      Tmut           ##......     5%          2    ###....
c - Spider Form           Tmut/Pois      #.........   26%         3    ###....

Your spell library contained the following spells:

 Spells                   Type           Power        Failure   Level  Hunger
 Ice Form                 Ice/Tmut       #.......     65%         4    #####..
 Blade Hands              Tmut           ##........   69%         5    ######.


Dungeon Overview and Level Annotations

Branches:
Dungeon (3/15)

Altars:


Innate Abilities, Weirdness & Mutations

You cannot wear most types of armour.
You are very stealthy in the water. (Stealth+)
You are amphibious.
You can wear up to eight rings at the same time.
You can use your tentacles to constrict eight enemies at once.
Your skin changes colour to match your surroundings (Stealth+).
Your rubbery body absorbs attacks. (AC +1, EV +1)


Message History

The gnoll is severely wounded.
You constrict the gnoll, but do no damage.
The gnoll hits you!
You tentacle-slap the gnoll.
The gnoll is almost dead.
You constrict the gnoll.
You kill the gnoll!
The gnoll throws a throwing net.
The throwing net hits you.
You become entangled in the net!
You struggle against the net.
You struggle against the net.
The gnoll hits you from afar with a spear.
You struggle against the net.
The gnoll barely misses you. x2
You rip the net and break free!
The gnoll hits you but does no damage. The gnoll hits you with a club.
You tentacle-slap the gnoll but do no damage.
Your grab misses the gnoll.
Your tentacle spike misses the gnoll.
Your tentacle spike disappears.
The gnoll hits you from afar with a spear!
You die...

#.........#... #####
............ .....
.......)..### #....
.......)...(#####
###..
#......)..#.....###
###
##.####...###.....###
# #.### #####...###
####.# #.#.... #gg@.#
#.####. #...g#### #.<
## #... ##.# #.. ..
#. ##. # #


You could see 3 gnolls.

Vanquished Creatures
  A gnoll (D:3)
  4 adders (D:2)
  2 dart slugs
  2 leopard geckos
  6 giant cockroaches
  5 goblins
  5 hobgoblins
  3 jackals (D:3)
  5 bats (D:1)
  4 frilled lizards
  9 kobolds
  3 rats
49 creatures vanquished.

Notes
Turn   | Place    | Note
-------+----------+-------------------------------------------
     0 | D:1      | Jynx the Octopode Transmuter began the quest for the Orb.
     0 | D:1      | Reached XP level 1. HP: 13/13 MP: 3/3
   435 | D:1      | Reached XP level 2. HP: 18/18 MP: 3/5
   511 | D:1      | Reached skill level 3 in Transmutations
   979 | D:2      | Reached XP level 3. HP: 23/23 MP: 4/6
  1051 | D:2      | Learned a level 2 spell: Sticks to Snakes
  1055 | D:2      | Learned a level 3 spell: Spider Form
  1222 | D:2      | Reached skill level 4 in Transmutations
  1232 | D:2      | Reached XP level 4. HP: 25/28 MP: 5/7
  1863 | D:3      | Slain by a gnoll

Skill      XL: |  1  2  3 |
---------------+----------+-----
Transmutations | 3 4 |  4.4
Fighting       | |  1.0
Dodging        | |  2.0
Unarmed Combat | |  3.5
Spellcasting   | |  2.0

Action                   |  1- 3 |  4- 6 || total
-------------------------+-------+-------++-------
Melee: Unarmed           |    62 |    48 ||   110
       Constrict         |    14 |    12 ||    26
       Tentacles         |    10 |     5 ||    15
       Kick              |     7 |    16 ||    23
       Punch             |       |     1 ||     1
 Cast: Beastly Appendage |    12 |     9 ||    21
 Stab: Sleeping          |     9 |     1 ||    10
  Eat: Chunk             |     1 |     2 ||     3
Armor: Skin              |     9 |     3 ||    12
Dodge: Dodged            |    27 |    30 ||    57
